 Seeded DCSS version 0.27-a0-1565-gad902ab807 (webtiles) character file.

Game seed: 20210716 (custom seed)

8149 Sopht the Slicer (level 11, -13/102 HPs)
             Began as a Tengu Berserker on July 16, 2021.
             Was an Elder of Trog.
             Mangled by an orc warrior (27 damage)
             ... on level 1 of the Orcish Mines on July 17, 2021.
             The game lasted 00:57:27 (9417 turns).

Sopht the Slicer (Tengu Berserker)                  Turns: 9417, Time: 00:57:27

Health: -13/102    AC:  9    Str: 22    XL:     11   Next: 26%
Magic:  12/12      EV: 17    Int:  7    God:    Trog [****..]
Gold:   517        SH:  0    Dex: 13    Spells: 10/10 levels left

rFire    + + .     SeeInvis .   H - +2 rapier (speed)
rCold    . . .     Faith    .   (no shield)
rNeg     . . .     Spirit   .   E - +2 leather armour {rF+}
rPois    .         Reflect  .   (helmet restricted)
rElec    .         Harm     .   J - +0 cloak
rCorr    +         Rampage  .   (no gloves)
Will     ++...                  (boots unavailable)
Stlth    ..........             l - amulet of regeneration
HPRegen  2.27/turn              i - ring of protection from cold
MPRegen  0.13/turn              I - ring of the Freezing Saviour {Fire rCorr Slay+3}

@: berserking (expiring), strong-willed, flying quickly and evasively,
regenerating, very quick
A: beak, talons 3, nimble flight, iridescent scales 1, sense surroundings 1
a: Renounce Religion, Berserk, Trog's Hand, Brothers in Arms


You were on level 1 of the Orcish Mines.
You worshipped Trog.
Trog was greatly pleased with you.
You visited 3 branches of the dungeon, and saw 12 of its levels.
You also visited: Sewer.

You collected 642 gold pieces.
You spent 125 gold pieces at shops.

Inventory:

Hand Weapons
 B - a +1 dagger of electrocution
 H - a +2 rapier of speed (weapon)
 U - a +0 falchion of holy wrath
Missiles
 m - 7 boomerangs (quivered)
 u - 2 curare-tipped darts
 D - 2 throwing nets
 N - 4 atropa-tipped darts
Armour
 A - the +1 robe "Ygeiwan" {Fly Regen+ Str-2 Int+7}
   (You took it off an orc on level 4 of the Dungeon)

   Str:       It affects your strength (-2).
   Int:       It affects your intelligence (+7).
   Fly:       It grants you flight.
   Regen:     It increases your rate of health regeneration.
 E - a +2 leather armour of fire resistance (worn)
 J - a +0 cloak (worn)
 T - +0 acid dragon scales
Jewellery
 i - a ring of protection from cold (left hand)
 l - an amulet of regeneration (around neck)
 I - the ring of the Freezing Saviour (right hand) {Fire rCorr Slay+3}
   (You found it on level 5 of the Dungeon)

   [ring of fire]

   It enhances your fire magic.
   Slay:      It affects your accuracy & damage with ranged weapons and melee
   (+3).
   rF:        It protects you from fire.
   rC:        It makes you vulnerable to cold.
   rCorr:     It protects you from acid and corrosion.
 S - an amulet of guardian spirit
Wands
 b - a wand of acid (8)
 M - a wand of flame (16)
Scrolls
 a - 4 scrolls of immolation {unknown}
 e - 7 scrolls of identify
 j - 2 scrolls of summoning {unknown}
 o - 2 scrolls of teleportation {unknown}
 q - a scroll of holy word {unknown}
 r - 3 scrolls of vulnerability {unknown}
 w - a scroll of fog {unknown}
 y - a scroll of magic mapping {unknown}
 z - 3 scrolls of noise {unknown}
 C - a scroll of torment {unknown}
 L - a scroll of silence {unknown}
 O - a scroll of enchant weapon {unknown}
 P - 2 scrolls of amnesia {unknown}
 Q - a scroll of enchant armour {unknown}
 R - a scroll of brand weapon {unknown}
Potions
 c - 2 potions of heal wounds
 d - a potion of berserk rage {unknown}
 f - 5 potions of curing {unknown}
 g - a potion of cancellation {unknown}
 h - 3 potions of haste
 k - a potion of ambrosia {unknown}
 n - 2 potions of degeneration {unknown}
 p - a potion of attraction {unknown}
 s - 2 potions of resistance {unknown}
 t - 2 potions of magic {unknown}
 v - a potion of might {unknown}
 x - 2 potions of mutation
 F - 2 potions of lignification {unknown}
 G - a potion of brilliance {unknown}
 K - a potion of flight {unknown}


   Skills:
 + Level 8.2 Fighting
 + Level 9.8(11.2) Short Blades
 + Level 9.0(10.8) Long Blades
 + Level 3.4 Throwing
 + Level 7.0 Armour
 + Level 6.9 Dodging
 + Level 3.3 Stealth


You had 10 spell levels left.
You didn't know any spells.
Your spell library was empty.

Dungeon Overview and Level Annotations

Branches:
Dungeon (10/15)            Temple (1/1) D:6            Lair (0/6) D:10
    Orc (1/2) D:10          Sewer (visited)

Altars:
Elyvilon
Fedhas
Gozag
Kikubaaqudgha
Makhleb
Okawaru
Qazlal
Ru
Trog
Xom
Yredelemnul

Shops:
D:1 [

Annotations:
D:8 2 transporters


Innate Abilities, Weirdness & Mutations

You have a beak for a mouth.
You have claws for feet.
Your magical nature lets you fly swiftly and evasively.
You are partially covered in iridescent scales. (AC +2)
You passively map a small area around you.


Message History

You puncture the orc warlord! You claw the orc warlord!
The orc warlord is moderately wounded.
You puncture the orc warlord! You claw the orc warlord!
The orc warlord is moderately wounded.
You puncture the orc warlord! Your kick misses the orc warlord.
You peck the orc warlord!
The orc warlord is heavily wounded.
The troll bites you but does no damage. The troll claws you but does no damage.
The troll misses you.
The orc warrior hits you with a +0 short sword of electrocution!
The orc completely misses you. The orc misses you.
The orc hits you with a +0 hand axe.
You barely miss the orc warlord. You claw the orc warlord.
The orc warlord is heavily wounded.
The ogre barely misses you.
The orc warlord hits you with a +5 vorpal long sword!!
You hear a shout!
You impale the orc warlord!!
The orc warlord is severely wounded.
You puncture the orc warlord!
The orc warlord is almost dead.
The troll closely misses you. The troll completely misses you.
The troll barely misses you.
The orc warrior hits you but does no damage.
You are electrocuted!
* * * LOW HITPOINT WARNING * * *
The orc hits you with a +0 hand axe.
* * * LOW HITPOINT WARNING * * *
The orc completely misses you.
A troll comes into view.
You hit the orc warlord but do no damage.
You peck the orc warlord, but do no damage.
The orc warlord is almost dead.
The orc closely misses you.
The orc warrior hits you with a +0 flail!
* * * LOW HITPOINT WARNING * * *
You barely miss the orc warlord.
The orc warlord is almost dead.
The orc warrior hits you from afar with a +1 vampiric glaive!!
You die...

, , , **
............ *
.....$......###.
,
#.....#.....#...
,
#...............
, , *
.......o........
,
...$..o.o....$..
, *
,.......oooo$....
, , *
......oo@Oo..#..
,
.......ooT.....T
*
........o....#.#
,, , ,
.....O..........
................
*
..........#.#...
*
..#..$......###.
* , ........$....
, .$...........,
*


You could see an orc warlord, 2 trolls, 4 orc warriors, 2 ogres, an orc priest
(strong), an orc wizard (strong) and 6 orcs.

Vanquished Creatures
  2 two-headed ogres
  A gargoyle (D:10)
  A hornet (D:7)
  5 humans
  Eustachio (D:5)
  A steam dragon (D:7)
  An acid dragon (D:9)
  A water moccasin (D:7)
  3 orc warriors
  2 black bears
  A necrophage (D:6)
  2 ice beasts
  An ogre (D:4)
  5 centaurs
  A wyvern zombie (D:7)
  2 bullfrogs
  9 kobold brigands (Sewer)
  3 scorpions
  The ghost of DocClef the Covert, a weakling GnDe (D:4)
  The ghost of DocClef the Covert, a weakling GnDe (D:6)
  14 killer bees
  4 wights (D:8)
  9 howler monkeys
  An electric eel (D:8)
  3 centaur zombies
  2 jellies
  8 orc priests
  A hound (D:7)
  3 iron imps (D:8)
  Crazy Yiuf (D:5)
  A gnoll shaman (D:8)
  4 iguanas
  7 orc wizards
  A hound skeleton (D:4)
  A howler monkey zombie (D:9)
  7 gnolls
  7 adders
  2 river rats (Sewer)
  A shadow imp (D:6)
  2 white imps
  4 worms
  3 dart slugs
  25 orcs
  7 bats
  10 endoplasms
  4 giant cockroaches
  7 goblins
  7 hobgoblins
  7 kobolds
  5 quokkas
  10 ball pythons
  4 frilled lizards (D:1)
  6 rats
222 creatures vanquished.

Notes
Turn   | Place    | Note
-------+----------+-------------------------------------------
     0 | D:1      | Sopht the Tengu Berserker began the quest for the Orb.
     0 | D:1      | Reached XP level 1. HP: 14/14 MP: 2/2
    77 | D:1      | Reached XP level 2. HP: 2/19 MP: 3/3
   663 | D:1      | Reached XP level 3. HP: 23/23 MP: 4/4
   762 | D:1      | Reached ** piety under Trog
   840 | D:1      | Found Pough's Antique Armour Shoppe.
  1057 | D:2      | Noticed a scorpion
  1063 | D:2      | Killed a scorpion
  1064 | D:2      | Reached XP level 4. HP: 29/29 MP: 5/5
  1371 | D:2      | Found a faded altar of an unknown god.
  1796 | D:3      | Gained mutation: Your magical nature lets you fly swiftly
                  | and evasively. [Tengu growth]
  1796 | D:3      | Reached XP level 5. HP: 32/33 MP: 6/6
  1847 | D:3      | Found a sacrificial altar of Ru.
  2406 | D:4      | Found a glowing drain.
  2422 | Sewer    | Entered a sewer
  2445 | Sewer    | Noticed a kobold brigand
  2459 | Sewer    | Killed a kobold brigand
  2460 | Sewer    | Reached skill level 5 in Long Blades
  2482 | Sewer    | Noticed a kobold brigand
  2490 | Sewer    | HP: 1/33 [river rat (7)]
  2504 | Sewer    | Killed a kobold brigand
  2505 | Sewer    | Reached XP level 6. HP: 21/38 MP: 7/7
  2741 | Sewer    | Reached XP level 7. HP: 37/44 MP: 8/8
  2821 | Sewer    | Reached skill level 1 in Stealth
  3065 | Sewer    | Gained mutation: You are clumsy. (Dex -2) [potion of
                  | mutation]
  3065 | Sewer    | Gained mutation: You are partially covered in iridescent
                  | scales. (AC +2) [potion of mutation]
  3065 | Sewer    | Lost mutation: You are clumsy. (Dex -2) [potion of
                  | mutation]
  3065 | Sewer    | Gained mutation: You passively map a small area around you.
                  | [potion of mutation]
  3270 | Sewer    | Reached skill level 5 in Armour
  3435 | D:4      | Reached skill level 5 in Fighting
  3435 | D:4      | Reached XP level 8. HP: 34/49 MP: 9/9
  3532 | D:4      | Noticed DocClef's ghost (weakling GnDe)
  3544 | D:4      | Found a transporter.
  3564 | D:4      | Found a transporter.
  3655 | D:4      | Identified the +1 robe "Ygeiwan" {Fly Regen+ Str-2 Int+7}
  3841 | D:4      | Reached *** piety under Trog
  3862 | D:4      | Found a shimmering altar of Xom.
  3862 | D:4      | Found a bloodstained altar of Trog.
  4214 | D:1      | Bought a glowing leather armour for 125 gold pieces
  4364 | D:4      | Killed DocClef's ghost
  4408 | D:5      | Entered Level 5 of the Dungeon
  5009 | D:5      | Identified the ring of the Freezing Saviour {Fire rCorr
                  | Slay+3}
  5205 | D:5      | Found a runed translucent door.
  5206 | D:5      | Noticed Crazy Yiuf
  5213 | D:5      | Killed Crazy Yiuf
  5287 | D:5      | Noticed Eustachio
  5296 | D:5      | Killed Eustachio
  5297 | D:5      | Reached skill level 1 in Short Blades
  5495 | D:6      | Found a large runed translucent door.
  5495 | D:6      | Found a large runed translucent door.
  5497 | D:6      | Noticed DocClef's ghost (weakling GnDe)
  5507 | D:6      | Killed DocClef's ghost
  5552 | D:6      | Found a staircase to the Ecumenical Temple.
  5649 | D:6      | Reached XP level 9. HP: 54/54 MP: 10/10
  5662 | D:6      | Found an ancient bone altar of Kikubaaqudgha.
  6191 | Temple   | Entered the Ecumenical Temple
  6227 | D:7      | Found an opulent altar of Gozag.
  6286 | D:7      | Reached skill level 5 in Dodging
  6287 | D:7      | Found a white marble altar of Elyvilon.
  6688 | D:7      | Found an iron altar of Okawaru.
  6775 | D:7      | Noticed a two-headed ogre
  6786 | D:7      | Killed a two-headed ogre
  6787 | D:7      | Reached skill level 1 in Throwing
  6787 | D:7      | Reached XP level 10. HP: 61/61 MP: 11/11
  6889 | D:7      | Found a stormy altar of Qazlal.
  6890 | D:7      | Found a basalt altar of Yredelemnul.
  7238 | D:8      | Found a burning altar of Makhleb.
  7414 | D:8      | Reached **** piety under Trog
  7490 | D:8      | Found a transporter.
  7525 | D:8      | Found a transporter.
  8387 | D:10     | Entered Level 10 of the Dungeon
  8472 | D:10     | Found a blossoming altar of Fedhas.
  8615 | D:10     | Noticed a two-headed ogre
  8631 | D:10     | Killed a two-headed ogre
  8663 | D:10     | Reached XP level 11. HP: 22/68 MP: 12/12
  8762 | D:10     | Found a staircase to the Orcish Mines.
  9142 | D:10     | Found a staircase to the Lair.
  9401 | Orc:1    | Entered Level 1 of the Orcish Mines
  9401 | Orc:1    | Noticed an orc warlord
  9417 | Orc:1    | Mangled by an orc warrior

Illustrated notes

Levels and vault maps discovered:
D:1:      minmay_arrival_open_corners, layout_basic, serial_shops, shop,
          corexii_leaking_fountain, minmay_hexomino_f4
D:2:      layout_rooms, ebering_ecumenical_altar_box, palyth_stone_intersect,
          hangedman_decor_growths
D:3:      layout_loops_ring, mainiacjoe_overflow_catwalk
D:4:      layout_loops_cross, gammafunk_temple_overflow_statue,
          portal_sewer_entry_f, gammafunk_ghost_arena
D:5:      layout_basic, uniq_crazy_yiuf_cottage, uniq_eustachio
D:6:      layout_loops_cross, lemuel_round_altar,
          minmay_temple_entry_large_hall, ebering_ghost_disaster_area
D:7:      layout_basic, mainiacjoe_overflow_tiny_flanked,
          mainiacjoe_overflow_small_starburst, nicolae_overflow_hidden_temple
D:8:      gammafunk_cloud_chamber, layout_basic, demons_altar,
          nicolae_water_bricks, minmay_curled_crystal, minmay_ruffians
D:9:      layout_loops_ring
D:10:     layout_basic, fedhas_bush_and_centaur_altar, lair_entry_dummy,
          erik_orc_4
Temple:   minmay_temple_curvy_loop
Orc:1:    layout_caves, basic_altar, kennysheep_orc_sif_temple

Skill      XL: |  1  2  3  4  5  6  7  8  9 10 11 |
---------------+----------------------------------+-----
Long Blades    | 4 5 7 8 9 |  9.0
Fighting       | 4 5 6 7 8 |  8.2
Armour         | 3 4 5 6 7 |  7.0
Dodging        | 3 4 5 6 |  6.9
Stealth        | 1 2 3 |  3.3
Short Blades   | 1 6 9 |  9.8
Throwing       | 1 2 3 |  3.4

Action                   |  1- 3 |  4- 6 |  7- 9 | 10-12 || total
-------------------------+-------+-------+-------+-------++-------
Melee: Falchion          |    52 |    88 |   106 |       ||   246
       Kick              |    16 |    32 |    71 |    73 ||   192
       Peck              |     9 |    23 |    37 |    53 ||   122
       Rapier            |       |       |    83 |   232 ||   315
Throw: Boomerang         |       |       |     4 |    20 ||    24
       Dart              |       |       |       |     3 ||     3
Invok: Berserk           |     2 |     2 |    10 |     8 ||    22
       Trog's Hand       |       |     1 |     9 |     8 ||    18
  Use: Potion            |       |       |     2 |       ||     2
       Scroll            |       |       |     1 |       ||     1
 Stab: Sleeping          |       |       |     1 |     1 ||     2
Armor: Animal skin       |     3 |       |       |       ||     3
       Ring mail         |    23 |    27 |    23 |       ||    73
       Leather armour    |       |       |    19 |    57 ||    76
Dodge: Dodged            |    34 |    76 |   127 |   200 ||   437
       Rpst.: Falchion   |     8 |    34 |    25 |       ||    67

Table legend: (Time is in decaauts)
 A = Elapsed time spent in this place.
 B = Non-inter-level travel time spent in this place.
 C = Inter-level travel time spent in this place.
 D = Time resting spent in this place.
 E = Time spent auto-exploring this place.
 F = Levels seen in this place.
 G = Mean time per level.
                   A        B        C        D        E       F      G
               +--------+--------+--------+--------+--------+-----+--------+
         Total |   8805 |   8805 |      0 |      0 |   2434 |  13 |  677.3 |
       Dungeon |   7897 |   7897 |      0 |      0 |   2405 |  10 |  789.7 |
        Temple |      1 |      1 |      0 |      0 |      0 |   1 |    1.0 |
  Orcish Mines |      6 |      6 |      0 |      0 |      0 |   1 |    6.0 |
         Sewer |    899 |    899 |      0 |      0 |     28 |   1 |  899.0 |
               +--------+--------+--------+--------+--------+-----+--------+

Top non-repeatable levels by time:
     D:1: 1070 daAuts
     D:5: 962 daAuts
     D:4: 941 daAuts
    D:10: 907 daAuts
   Sewer: 899 daAuts
     D:7: 781 daAuts
     D:2: 714 daAuts
     D:6: 702 daAuts
     D:3: 654 daAuts
     D:8: 591 daAuts
     D:9: 570 daAuts
   Orc:1: 6 daAuts
  Temple: 1 daAuts
